 Dungeon Crawl Stone Soup version 0.22.0-32-gbc6daba (webtiles) character file.

61 Lew the Skirmisher (level 4, -8/29 HPs)
             Began as a Gargoyle Chaos Knight on Aug 23, 2018.
             Mangled by Grinder (11 damage)
             ... on level 3 of the Dungeon.
             The game lasted 00:06:08 (1557 turns).

Lew the Skirmisher (Gargoyle Chaos Knight)          Turns: 1557, Time: 00:06:09

Health: -8/29      AC: 10    Str: 16    XL:     4   Next: 7%
Magic:  4/4        EV: 11    Int: 12    God:    Xom [..*...]
Gold:   160        SH:  5    Dex: 10    Spells: 3/3 levels left

rFire    . . .     SeeInvis .   a - +0 hand axe (chaos)
rCold    . . .     Gourm    .   (no shield)
rNeg     + . .     Faith    .   b - +3 leather armour
rPois    ∞         Spirit   .   (no helmet)
rElec    +         Reflect  +   (no cloak)
rCorr    .         Harm     .   (no gloves)
MR       .....                  (no boots)
Stlth    +.........             i - +5 amulet of reflection
HPRegen  0.09/turn              (no ring)
MPRegen  0.09/turn              (no ring)

@: flying, very slightly contaminated, invisible
A: negative energy resistance 1, electricity resistance, unbreathing,
petrification resistance, rot immunity, AC +3
a: Renounce Religion


You were on level 3 of the Dungeon.
You worshipped Xom.
You were a toy of Xom.
You were not hungry.

You visited 1 branch of the dungeon, and saw 3 of its levels.

You collected 160 gold pieces.

Inventory:

Hand Weapons
 a - a +0 hand axe of chaos (weapon)
Armour
 b - a +3 leather armour (worn)
 m - a +0 pair of gloves
Jewellery
 i - a +5 amulet of reflection (around neck)
Scrolls
 e - 2 scrolls of identify
 f - 2 scrolls of remove curse
 j - 2 scrolls of teleportation
 k - a scroll of amnesia
Potions
 g - a potion of haste
 h - a potion of agility
Comestibles
 c - 2 rations


   Skills:
 + Level 3.9 Fighting
 + Level 3.1 Axes
 + Level 3.0 Armour
 + Level 1.5 Dodging


You had 3 spell levels left.
You didn't know any spells.
Your spell library contained the following spells:

 Spells                   Type           Power        Failure   Level  Hunger
 Ignite Poison            Fire/Tmut/Pois #.......     75%         3    ####...
 Fireball                 Conj/Fire      #.........   100%        5    ######.
 Bolt of Fire             Conj/Fire      #.........   100%        6    #######
 Ring of Flames           Chrm/Fire      #.........   100%        7    #######
 Ignition                 Fire           #.........   100%        8    #######


Dungeon Overview and Level Annotations

Branches:
Dungeon (3/15)

Altars:
Dithmenos

Annotations:
D:1 1 exclusion
D:3 Grinder


Innate Abilities, Weirdness & Mutations

You are resistant to torment.
Your stone body is resilient. (AC +3)
You are immune to poison.
You resist negative energy. (rN+)
You are resistant to electric shocks. (rElec)
You can survive without breathing.
You are immune to petrification.
You are immune to rotting.


Message History

You hit something but do no damage. Something hits you!
* * * LOW HITPOINT WARNING * * *
Something hits your kobold zombie!
Your kobold zombie is destroyed!
Okay, then.
You fade into invisibility!
Pain shoots through your body!
* * * LOW HITPOINT WARNING * * *
You are very lightly contaminated with residual magic.
It was a potion of flight.
You feel very buoyant.
You fly up into the air.
Xom is highly amused!
Something hits you but does no damage. Something hits you.
* * * LOW HITPOINT WARNING * * *
You writhe in agony.
* * * LOW HITPOINT WARNING * * *
Something hits you!
You die...

#.........## #
#...."..... .
#.........#
#.........#
####.......##
#...........# ##.
#.........##..
#.#.....@......#
.............###
#.#..........#
##........###### ###
##...?........# ###(.
##..##.......####.(.#
#..###............###
...# #.......######
#### #.......#


There were no monsters in sight!

Vanquished Creatures
  2 worms (D:2)
  A dart slug (D:2)
  A leopard gecko (D:3)
  2 ball pythons (D:2)
  11 bats
  5 giant cockroaches
  7 hobgoblins
  9 kobolds
  3 goblins
  7 rats
48 creatures vanquished.

Vanquished Creatures (others)
  A kobold (D:3)
1 creature vanquished.

Grand Total: 49 creatures vanquished

Notes
Turn   | Place    | Note
-------+----------+-------------------------------------------
     0 | D:1      | Lew the Gargoyle Chaos Knight began the quest for the Orb.
     0 | D:1      | Reached XP level 1. HP: 14/14 MP: 1/1
    63 | D:1      | XOM: silly message
   116 | D:1      | Reached skill level 1 in Dodging
   283 | D:1      | XOM: mild Tmut miscast
   288 | D:1      | Reached XP level 2. HP: 17/19 MP: 2/2
   444 | D:1      | XOM: silly message
   577 | D:1      | XOM: harmless Pois miscast
   696 | D:1      | XOM: divination: detect items
   724 | D:2      | Reached XP level 3. HP: 17/23 MP: 3/3
   942 | D:2      | XOM: harmless Erth miscast
  1014 | D:2      | Found a shadowy altar of Dithmenos.
  1152 | D:2      | XOM: divination: detect creatures
  1236 | D:2      | XOM: harmless Summ miscast
  1497 | D:3      | Reached XP level 4. HP: 27/29 MP: 4/4
  1540 | D:3      | Noticed Grinder
  1557 | D:3      | Mangled by Grinder

Skill      XL: |  1  2  3 |
---------------+----------+-----
Dodging        | 1 |  1.5
Axes           | 3 |  3.1
Armour         | 3 |  3.0
Fighting       | |  3.9

Action                   |  1- 3 |  4- 6 || total
-------------------------+-------+-------++-------
Melee: Hand axe          |   125 |    15 ||   140
  Use: Scroll            |     8 |       ||     8
       Potion            |     2 |     2 ||     4
 Stab: Sleeping          |     1 |       ||     1
       Petrified         |     5 |       ||     5
       Paralysed         |       |     2 ||     2
  Eat: Ration            |     1 |       ||     1
       Chunk             |     1 |       ||     1
Armor: Leather armour    |    48 |    11 ||    59
Dodge: Dodged            |    68 |    11 ||    79
Block: Other             |    27 |     8 ||    35
       Reflection        |     4 |     2 ||     6
